 Dungeon Crawl Stone Soup version 0.20.0-15-g7f486f2 (webtiles) character file.

3759 raph the Reanimator (level 9, -6/78 HPs)
             Began as a Deep Dwarf Necromancer on June 11, 2017.
             Was an Elder of Makhleb.
             Mangled by Gastronok (27 damage)
             ... on level 8 of the Dungeon.
             The game lasted 00:37:57 (9888 turns).

raph the Reanimator (Deep Dwarf Necromancer)        Turns: 9888, Time: 00:37:58

Health: -6/78      AC:  8    Str: 13    XL:     9   Next: 94%
Magic:  5/15       EV: 15    Int: 16    God:    Makhleb [****..]
Gold:   429        SH:  6    Dex: 15    Spells: 4/17 levels left

rFire    . . .     SeeInvis .   w - +0 hand axe (vamp)
rCold    . . .     Gourm    .   n - +1 buckler
rNeg     . . .     Faith    .   r - +0 leather armour
rPois    .         Spirit   .   A - +0 helmet
rElec    .         Reflect  .   J - scarf {repulsion}
rCorr    .         Harm     .   y - +0 pair of gloves (curse)
MR       +....                  z - +2 pair of boots
Stlth    +++.......             (no amulet)
Regen    0.0/turn               (no ring)
MPRegen  0.2/turn               (no ring)

@: non-regenerating, repel missiles
A: damage resistance, heal wounds, sense surroundings 2, no regeneration
a: Heal Wounds, Minor Destruction, Lesser Servant of Makhleb, Major Destruction,
Renounce Religion


You were on level 8 of the Dungeon.
You worshipped Makhleb.
Makhleb was greatly pleased with you.
You were not hungry.

You visited 1 branch of the dungeon, and saw 8 of its levels.
You also visited: Sewer.

You collected 429 gold pieces.

Inventory:

Hand Weapons
 l - a +0 dagger
 s - a +2 dagger of venom
 u - a +0 war axe
 v - a +0 hunting sling
 w - a +0 vampiric hand axe (weapon)
Missiles
 t - 3 tomahawks
 B - 2 throwing nets (quivered)
Armour
 n - a +1 buckler (worn)
 r - a +0 leather armour (worn)
 y - a cursed +0 pair of gloves (worn)
 z - a +2 pair of boots (worn)
 A - a +0 helmet (worn)
 J - a scarf of repulsion (worn)
Wands
 I - a wand of iceblast (9/15)
Scrolls
 e - 2 scrolls of recharging
 f - 9 scrolls of remove curse
 p - a scroll of magic mapping
 q - a scroll of fog
 D - 3 scrolls of amnesia
Potions
 a - 3 potions of might
 g - a potion of degeneration
 h - 6 potions of heal wounds
 i - 2 potions of cancellation
 j - a potion of resistance
 k - 2 potions of flight
 m - a potion of lignification
 C - 2 potions of haste
 E - a potion of ambrosia
 F - 4 potions of curing
 G - 2 potions of agility
 H - a potion of brilliance
Books
 b - a book of Necromancy

   Spells                             Type                      Level
   a - Pain                           Necromancy                   1
   b - Animate Skeleton               Necromancy                   1
   c - Vampiric Draining              Necromancy                   3
   d - Regeneration                   Charms/Necromancy            3
   e - Animate Dead                   Necromancy                   4
   f - Control Undead                 Necromancy                   4
Comestibles
 c - 5 bread rations
 d - 4 royal jellies
 o - 2 meat rations
 x - 5 fruits
 K - 3 chunks of flesh


   Skills:
 + Level 4.0 Fighting
 * Level 4.4 Axes
 + Level 6.2 Dodging
 - Level 6.0 Stealth
 + Level 5.2 Shields
 + Level 4.6 Spellcasting
 + Level 8.6 Necromancy
 + Level 5.6 Invocations


You had 4 spell levels left.
You knew the following spells:

 Your Spells              Type           Power        Failure   Level  Hunger
a - Pain                  Necr           ####         1%          1    None
b - Animate Skeleton      Necr           N/A          1%          1    None
c - Vampiric Draining     Necr           ####......   1%          3    ###....
d - Control Undead        Necr           ####......   5%          4    ####...
e - Animate Dead          Necr           N/A          5%          4    ####...


Dungeon Overview and Level Annotations

Branches:
Dungeon (8/15)             Temple (0/1) D:7
   Lair: D:8-11

Altars:
Ashenzari
Dithmenos
Gozag
Kikubaaqudgha
Makhleb
Uskayaw
Vehumet
Yredelemnul
The Shining One

Shops:
D:4 (   D:6 (

Annotations:
D:8 Gastronok


Innate Abilities, Weirdness & Mutations

You are resistant to damage.
You can heal yourself by infusing magical energy.
You passively map the area around you.
You do not regenerate.


Message History

* * * LOW HITPOINT WARNING * * *
You hit Gastronok.
Gastronok is moderately wounded.
Your howler monkey skeleton hits Gastronok but does no damage.
Gastronok casts a spell.
Your legs wobble like jelly.
Casting: Vampiric Draining
Confirm with . or Enter, or press ? or * to list all spells.
Aiming: Vampiric Draining
Press: ? - help, Shift-Dir - straight line, f/p - Gastronok
Aim: Gastronok, wearing a runed hat (moderately wounded) Gastronok is heavily wounded.
You feel life coursing into your body.
Your howler monkey skeleton hits Gastronok.
Okay, then.
A demon appears!
You can no longer summon a greater servant of Makhleb.
Your howler monkey skeleton hits Gastronok.
Gastronok bites you!!
You die...

#.......#...#
, ,,
#########...#
* *
#.....##...# ,
, #..........#
* #..........#
#..........#,
* *
#.....##...#,
,, ,,
#'######...#,,
*
#..@w.####+#,
#..Z4.# , , ,
,, #.....# ,
#.....# , ,,
#.....# ,
#...?.#,, * ,
####### ,, , ,
, , ,,


You could see Gastronok, a friendly orange demon and a friendly howler monkey
skeleton.

Vanquished Creatures
  Pikel (D:5)
  Joseph (D:8)
  Grinder (D:5)
  A hippogriff (D:7)
  2 orc warriors
  An ice beast (D:6)
  A black bear (D:6)
  4 ogres
  A centaur (D:5)
  A big kobold (D:4)
  3 bullfrogs
  4 scorpions
  4 killer bees (D:7)
  3 howler monkeys
  A centaur zombie (D:7)
  A crimson imp (D:7)
  2 hounds
  A bullfrog zombie (D:5)
  An orc priest (D:7)
  A bullfrog skeleton (D:7)
  2 orc wizards (D:6)
  2 centaur skeletons
  3 iguanas
  2 worker ants
  5 gnolls (D:6)
  10 adders
  6 river rats (Sewer)
  2 shadow imps
  An adder zombie (D:7)
  An adder skeleton (D:5)
  4 worms
  10 leopard geckos
  14 orcs
  4 bats
  6 giant cockroaches
  7 goblins
  5 hobgoblins
  2 jackals (D:3)
  4 quokkas
  4 ball pythons
  5 frilled lizards
  47 kobolds
  33 rats
214 creatures vanquished.

Vanquished Creatures (collateral kills)
  An ice beast (D:7)
  2 ogres (D:7)
  A big kobold (D:7)
  2 crimson imps (D:7)
  A gnoll (D:6)
  An adder (Sewer)
  An ooze (Sewer)
  A worm (D:2)
  2 leopard geckos
  5 orcs
  A giant cockroach (D:4)
  2 goblins (D:1)
  2 hobgoblins
  2 frilled lizards (D:1)
  8 kobolds
  A leopard gecko zombie (D:5)
  A quokka skeleton (D:6)
  3 rats
  2 plants (D:4)
39 creatures vanquished.

Vanquished Creatures (others)
  3 slaves (D:5)
  A human (D:4)
  A hound zombie (D:5)
  A quokka (D:5)
  A rat (D:1)
  A plant (D:1)
8 creatures vanquished.

Grand Total: 261 creatures vanquished

Notes
Turn   | Place    | Note
-------+----------+-------------------------------------------
     0 | D:1      | raph the Deep Dwarf Necromancer began the quest for the Orb.
     0 | D:1      | Reached XP level 1. HP: 15/15 MP: 3/3
    45 | D:1      | Learned a level 1 spell: Animate Skeleton
   319 | D:1      | Reached XP level 2. HP: 14/22 MP: 1/4
   949 | D:1      | Reached XP level 3. HP: 18/28 MP: 1/6
   954 | D:1      | Learned a level 3 spell: Vampiric Draining
  1738 | D:2      | Found a burning altar of Makhleb.
  1740 | D:2      | Found a shadowy altar of Dithmenos.
  1741 | D:2      | Found an opulent altar of Gozag.
  1760 | D:2      | Became a worshipper of Makhleb the Destroyer
  2138 | D:2      | Reached XP level 4. HP: 30/36 MP: 1/7
  2213 | D:2      | Found a radiant altar of Vehumet.
  2410 | D:3      | Reached skill level 1 in Shields
  2410 | D:3      | Reached skill level 5 in Necromancy
  2496 | D:3      | Found a shattered altar of Ashenzari.
  2609 | D:3      | Reached * piety under Makhleb
  3006 | D:4      | Noticed an ogre
  3031 | D:3      | Reached skill level 1 in Invocations
  3031 | D:3      | Reached XP level 5. HP: 29/43 MP: 4/8
  3032 | D:3      | Killed an ogre
  3032 | D:3      | Reached skill level 1 in Fighting
  3248 | D:4      | Reached XP level 6. HP: 20/51 MP: 2/9
  3437 | D:4      | Found a basalt altar of Yredelemnul.
  3712 | D:4      | Found Govujit's Weapon Emporium.
  4148 | D:4      | Reached ** piety under Makhleb
  4594 | D:4      | Found an ancient bone altar of Kikubaaqudgha.
  4594 | D:4      | Noticed a human
  4597 | D:4      | Killed a human
  4782 | D:4      | Reached XP level 7. HP: 50/57 MP: 5/11
  4997 | D:5      | Entered Level 5 of the Dungeon
  5007 | D:5      | Reached skill level 6 in Necromancy
  5245 | D:5      | Noticed Pikel
  5303 | D:5      | Killed Pikel
  5303 | D:5      | Reached skill level 5 in Stealth
  5303 | D:5      | Reached XP level 8. HP: 50/68 MP: 0/13
  5465 | D:5      | Noticed Grinder
  5473 | D:5      | Paralysed by Grinder for 4 turns
  5571 | D:4      | Learned a level 4 spell: Control Undead
  5856 | D:5      | Killed Grinder
  5856 | D:5      | Reached skill level 7 in Necromancy
  6183 | D:6      | HP: 1/68 [ice beast (13)]
  6190 | D:6      | Reached skill level 5 in Dodging
  6284 | D:6      | Learned a level 4 spell: Animate Dead
  6534 | D:6      | Found a glowing drain.
  6569 | D:6      | Reached *** piety under Makhleb
  6614 | Sewer    | Entered a sewer
  7095 | Sewer    | Reached skill level 1 in Axes
  7230 | Sewer    | Reached **** piety under Makhleb
  7564 | D:6      | Gained mutation: You passively map the area around you. [Deep Dwarf growth]
  7564 | D:6      | Reached XP level 9. HP: 76/76 MP: 7/15
  7772 | D:6      | Found Musuf's Weapon Boutique.
  7941 | D:6      | Reached skill level 8 in Necromancy
  8410 | D:7      | Found a glowing golden altar of the Shining One.
  8473 | D:7      | Reached skill level 5 in Invocations
  8636 | D:7      | Found a hide-covered altar of Uskayaw.
  8977 | D:7      | Found a staircase to the Ecumenical Temple.
  9079 | D:7      | Reached skill level 5 in Shields
  9283 | D:7      | Reached ***** piety under Makhleb
  9683 | D:8      | Noticed Joseph
  9711 | D:8      | Killed Joseph
  9873 | D:8      | Noticed Gastronok
  9888 | D:8      | Mangled by Gastronok

Skill      XL: |  1  2  3  4  5  6  7  8  9 |
---------------+----------------------------+-----
Stealth        | 3 4 5 6 |  6.0
Spellcasting   | 2 3 4 |  4.6
Dodging        | 3 4 5 6 |  6.2
Shields        | 1 2 3 4 5 |  5.2
Necromancy     | 5 6 7 8 |  8.6
Invocations    | 1 2 3 4 5 |  5.6
Fighting       | 1 2 3 4 |  4.0
Axes           | 1 4 |  4.4

Action                   |  1- 3 |  4- 6 |  7- 9 || total
-------------------------+-------+-------+-------++-------
Melee: Unarmed           |     2 |       |     4 ||     6
       Dagger            |    50 |    73 |    17 ||   140
       Hand axe          |       |       |   473 ||   473
 Cast: Pain              |    67 |   108 |   111 ||   286
       Animate Skeleton  |    26 |    36 |    20 ||    82
       Vampiric Draining |     2 |     7 |    58 ||    67
       Animate Dead      |       |       |    18 ||    18
       Control Undead    |       |       |     6 ||     6
Invok: Minor Destruction |       |       |     1 ||     1
       Lesser Servant of |       |       |     2 ||     2
  Use: Scroll            |       |    13 |     7 ||    20
       Potion            |       |       |     2 ||     2
 Stab: Sleeping          |     1 |     1 |     9 ||    11
       Distracted        |       |     1 |     2 ||     3
  Eat: Chunk             |     5 |    12 |    16 ||    33
       Meat ration       |       |       |     3 ||     3
Armor: Robe              |     9 |       |       ||     9
       Leather armour    |    11 |    40 |   161 ||   212
Dodge: Dodged            |    37 |    75 |   403 ||   515
Block: Buckler           |       |    22 |   192 ||   214
